 Dungeon Crawl Stone Soup version 0.28.0 (webtiles) character file.

Game seed: 14976394140722377570

31 zeram the Firebug (level 3, 0/21 HPs)
             Began as an Octopode Fire Elementalist on Feb 12, 2022.
             Slain by a jackal (1 damage)
             ... on level 2 of the Dungeon.
             The game lasted 00:03:21 (992 turns).

zeram the Firebug (Octopode Fire Elementalist)       Turns: 992, Time: 00:03:22

Health: 0/21       AC:  1    Str:  7    XL:     3   Next: 22%
Magic:  6/6        EV: 13    Int: 19    God:
Gold:   25         SH:  0    Dex: 12    Spells: 5/6 levels left

rFire   . . .      SeeInvis .   a - +0 dagger
rCold   . . .      Faith    .   (no shield)
rNeg    . . .      Spirit   .   (helmet restricted)
rPois   .          Reflect  .   (no amulet)
rElec   .          Harm     .   (no ring)
rCorr   .          Rampage  .   (no ring)
Will    .....                   (no ring)
Stlth   +++.......              (no ring)
HPRegen 0.07/turn               (no ring)
MPRegen 0.10/turn               (no ring)
                                (no ring)
                                (no ring)

@: no status effects
A: almost no armour, amphibious, 8 rings, camouflage 1, gelatinous body 1,
(nimble swimmer 1), tentacles
a: no special abilities


You were on level 2 of the Dungeon.
You visited 1 branch of the dungeon, and saw 2 of its levels.

You collected 25 gold pieces.

Inventory:

Hand Weapons
 a - a +0 dagger (weapon)
Scrolls
 b - a scroll of identify


   Skills:
 + Level 2.2 Dodging
 - Level 2.8 Stealth
 + Level 2.3 Spellcasting
 + Level 1.2 Conjurations
 + Level 3.6 Fire Magic


You had 5 spell levels left.
You knew the following spells:

 Your Spells              Type           Power      Damage    Failure   Level
a - Foxfire               Conj/Fire      44%        2x1d6     6%          1

Your spell library contained the following spells:

 Spells                   Type           Power      Damage    Failure   Level
 Scorch                   Fire           32%        2d7       5%          2
 Shock                    Conj/Air       16%        1d4       13%         1
 Conjure Flame            Conj/Fire      11%        6-21      19%         3
 Inner Flame              Hex/Fire       9%         N/A       24%         3
 Swiftness                Air            2%         N/A       45%         3
 Flame Wave               Conj/Fire      11%        2d5       52%         4
 Airstrike                Air            1%         N/A       86%         4


Dungeon Overview and Level Annotations

Branches:
Dungeon (2/15)

Altars:


Innate Abilities, Weirdness & Mutations

You cannot wear most types of armour.
You are amphibious.
You can wear up to eight rings at the same time.
Your skin changes colour to match your surroundings (Stealth+).
Your rubbery body absorbs attacks. (AC +1, EV +1)
((You are camouflaged when in or above water. (Stealth+)))
You have tentacles for arms and can constrict up to eight enemies at once.


Message History

The giant cockroach bites you.
* * * LOW HITPOINT WARNING * * *
You closely miss the giant cockroach. Your grab misses the giant cockroach.
Your squeeze misses the giant cockroach.
The giant cockroach barely misses you.
You completely miss the giant cockroach.
Your grab misses the giant cockroach. The giant cockroach closely misses you.
You closely miss the giant cockroach. You grab the giant cockroach.
You constrict the giant cockroach, but do no damage.
The giant cockroach barely misses you.
You hit the giant cockroach but do no damage.
You squeeze the giant cockroach, but do no damage.
You constrict the giant cockroach. The giant cockroach bites you.
* * * LOW HITPOINT WARNING * * *
You hit the giant cockroach but do no damage.
You squeeze the giant cockroach, but do no damage.
You constrict the giant cockroach.
The giant cockroach bites you but does no damage.
The giant cockroach barely misses you.
You hit the giant cockroach but do no damage.
You squeeze the giant cockroach, but do no damage.
The giant cockroach is moderately wounded.
You constrict the giant cockroach. The giant cockroach bites you.
* * * LOW HITPOINT WARNING * * *
You hit the giant cockroach.
Your squeeze misses the giant cockroach.
The giant cockroach is severely wounded.
You constrict the giant cockroach. The giant cockroach barely misses you.
You hit the giant cockroach.
You kill the giant cockroach!
The jackal misses you.
You barely miss the jackal. Your grab misses the jackal. The jackal misses you.
You barely miss the jackal. Your grab misses the jackal.
The jackal bites you but does no damage.
You hit the jackal but do no damage. You grab the jackal.
You squeeze the jackal.
The jackal is lightly wounded.
You constrict the jackal, but do no damage.
The jackal bites you.
You die...

#...#...>........#.#[#
#.#..[#.#.#####<..# .#
#...#...#.# ##### .#
#.........# .#
#^.###.#### ## #..#
#.# ... #.# ##.#.##.#
#....h@.# #[##.##.# #.
#.# #. #.# #. #.# #.
#.. .. ... ## #..


You could see a jackal.

Vanquished Creatures
  3 ball pythons (D:1)
  3 bats (D:1)
  3 endoplasms
  A giant cockroach (D:2)
  2 goblins (D:1)
  2 hobgoblins (D:1)
  2 jackals (D:2)
  3 quokkas (D:1)
  4 kobolds (D:1)
  4 rats (D:1)
27 creatures vanquished.

Vanquished Creatures (others)
  31 foxfires (D:1)
31 creatures vanquished.

Grand Total: 58 creatures vanquished

Notes
Turn   | Place    | Note
-------+----------+-------------------------------------------
     0 | D:1      | zeram the Octopode Fire Elementalist began the quest for
                  | the Orb.
     0 | D:1      | Reached XP level 1. HP: 11/11 MP: 3/3
   160 | D:1      | Reached XP level 2. HP: 15/17 MP: 0/5
   705 | D:1      | Reached XP level 3. HP: 15/21 MP: 6/6
   987 | D:2      | HP: 1/21 [giant cockroach (2)]
   992 | D:2      | Slain by a jackal

Illustrated notes

Levels and vault maps discovered:
D:1:      dpeg_arrival_fog, layout_rooms
D:2:      layout_loops_cross, corner_web_ring, uniq_sigmund,
          uniq_crazy_yiuf_cottage, uniq_robin

Action                   || total
-------------------------++-------
Melee: Unarmed           ||     9
       Constrict         ||    14
       Tentacles         ||    15
       Dagger            ||    51
       Punch             ||     1
 Cast: Foxfire           ||    18
  Use: Scroll            ||     2
 Stab: Sleeping          ||     3
Armor: Skin              ||     6
Dodge: Dodged            ||    56
